 Dungeon Crawl Stone Soup version 0.22.1-2-g9c5b331 (webtiles) character file.

93 KobiteSteele the Slasher (level 4, -1/35 HPs)
             Began as a Demonspawn Gladiator on Dec 20, 2018.
             Killed by nerve-wracking pain
             ... invoked by Grinder
              (12 damage)
             ... on level 3 of the Dungeon.
             The game lasted 00:04:24 (1376 turns).

KobiteSteele the Slasher (Demonspawn Gladiator)     Turns: 1376, Time: 00:04:25

Health: -1/35      AC:  9    Str: 13    XL:     4   Next: 37%
Magic:  4/4        EV: 10    Int: 10    God:
Gold:   153        SH:  0    Dex: 20    Spells: 3/3 levels left

rFire    . . .     SeeInvis .   a - +0 long sword
rCold    . . .     Gourm    .   (no shield)
rNeg     . . .     Faith    .   k - +0 scale mail
rPois    .         Spirit   .   c - +0 helmet
rElec    .         Reflect  .   (no cloak)
rCorr    .         Harm     .   (no gloves)
MR       .....                  (no boots)
Stlth    ..........             (no amulet)
HPRegen  0.11/turn              g - +6 ring of dexterity
MPRegen  0.09/turn              (no ring)

@: very slightly contaminated, invisible
A: talons 1, slimy green scales 1, weak 1, evolution 1
a: no special abilities


You were on level 3 of the Dungeon.
You were not hungry.

You visited 1 branch of the dungeon, and saw 3 of its levels.

You collected 153 gold pieces.

Inventory:

Hand Weapons
 a - a +0 long sword (weapon)
Missiles
 d - 3 throwing nets (quivered)
Armour
 c - a +0 helmet (worn)
 k - a +0 scale mail (worn)
Jewellery
 g - a +6 ring of dexterity (left hand)
Scrolls
 b - a scroll of magic mapping {unknown}
 e - 2 scrolls of remove curse {unknown}
 j - a scroll of enchant armour {unknown}
Potions
 h - a potion of flight
Comestibles
 f - 2 rations


   Skills:
 * Level 3.0 Fighting
 + Level 3.5 Long Blades
 - Level 1.7 Throwing
 * Level 1.4 Armour
 + Level 3.1 Dodging
 - Level 0.1 Stealth


You had 3 spell levels left.
You didn't know any spells.
Your spell library was empty.

Dungeon Overview and Level Annotations

Branches:
Dungeon (3/15)

Altars:
Elyvilon

Annotations:
D:3 Grinder


Innate Abilities, Weirdness & Mutations

You have sharp toenails.
You are partially covered in slimy green scales. (AC +2)
You are weak. (Str -2)
You evolve.


Message History

Grinder is moderately wounded.
Grinder barely misses you.
You hit Grinder but do no damage.
Grinder is moderately wounded.
Grinder hits you but does no damage. Grinder closely misses you.
You hit Grinder but do no damage.
Grinder is moderately wounded.
Grinder closely misses you.
You barely miss Grinder. You claw Grinder.
Grinder is moderately wounded.
Grinder gestures at you. You resist with significant effort.
You barely miss Grinder. You claw Grinder.
Grinder is heavily wounded.
Grinder hits you.
You writhe in agony.
You hit Grinder. You claw Grinder.
Grinder is heavily wounded.
Grinder gestures at you. Pain shoots through your body!
You die...

#### #.###.#.......
.....##.#(..........
........(...........
####.##.#.#.#.......
#.##.#.#.#.......
#.##.#(#.#.......
#.##.#.#.#.......
#.##.#)#5#.######
.######.##.#.#@#.#
........##.#.#.#.+
........##.#...#
........##.#####
...........#...##
.####...........#
#........)..#
#....<......#
#.####)####.#


You could see Grinder.

Vanquished Creatures
  An orc wizard (D:3)
  A gnoll (D:1)
  3 worms (D:2)
  2 dart slugs (D:2)
  A leopard gecko (D:2)
  4 orcs (D:3)
  A giant cockroach (D:1)
  3 goblins
  5 hobgoblins
  2 quokkas (D:2)
  2 ball pythons
  6 bats
  2 frilled lizards (D:2)
  6 kobolds
  2 rats
41 creatures vanquished.

Notes
Turn   | Place    | Note
-------+----------+-------------------------------------------
     0 | D:1      | KobiteSteele the Demonspawn Gladiator began the quest for
                  | the Orb.
     0 | D:1      | Reached XP level 1. HP: 16/16 MP: 1/1
     3 | D:1      | Noticed an electric eel
     4 | D:1      | Noticed an electric eel
   381 | D:1      | Gained mutation: You are partially covered in slimy green
                  | scales. (AC +2) [demonic ancestry]
   381 | D:1      | Reached XP level 2. HP: 22/22 MP: 2/2
   776 | D:2      | Gained mutation: You have sharp toenails. [demonic
                  | ancestry]
   776 | D:2      | Reached XP level 3. HP: 28/28 MP: 3/3
   976 | D:2      | Found a white marble altar of Elyvilon.
   997 | D:2      | Reached skill level 1 in Armour
  1295 | D:3      | Reached XP level 4. HP: 34/34 MP: 4/4
  1347 | D:3      | Gained mutation: You are weak. (Str -2) [potion of
                  | mutation]
  1347 | D:3      | Gained mutation: You evolve. [potion of mutation]
  1355 | D:3      | Noticed Grinder
  1355 | D:3      | Paralysed by Grinder for 2 turns
  1376 | D:3      | Killed from afar by Grinder

Skill      XL: |  1  2  3  4 |
---------------+-------------+-----
Long Blades    | 3 |  3.5
Dodging        | 3 |  3.1
Armour         | 1 |  1.4
Fighting       | 3 |  3.0
Throwing       | |  1.7
Stealth        | |  0.1

Action                   |  1- 3 |  4- 6 || total
-------------------------+-------+-------++-------
Melee: Long sword        |    81 |    18 ||    99
       Kick              |    19 |     7 ||    26
  Use: Potion            |     3 |     2 ||     5
 Stab: Invisible         |     1 |       ||     1
  Eat: Ration            |     1 |       ||     1
Armor: Leather armour    |     3 |       ||     3
       Scale mail        |    27 |     5 ||    32
Dodge: Dodged            |    43 |    10 ||    53
       Rpst.: Long sword |    16 |     2 ||    18
